 Dungeon Crawl Stone Soup version 0.29-a0-251-g80730f7218 (webtiles) character file.

Game seed: 9334220497093343113

27 n8rtot the Ducker (level 2, -2/14 HPs)
             Began as a Felid Monk on Mar 5, 2022.
             Slain by Jessica
             ... wielding a +4 spectral club
              (6 damage)
             ... on level 2 of the Dungeon.
             The game lasted 00:03:14 (1543 turns).

n8rtot the Ducker (Felid Monk)                      Turns: 1543, Time: 00:03:15

Health: -2/14      AC:  1    Str:  7    XL:     2   Next: 93%
Magic:  3/3        EV: 19    Int: 11    God:
Gold:   114        SH:  0    Dex: 18    Spells: 1/1 levels left
                                        Lives:  0   Deaths: 0

rFire   . . .      SeeInvis +     - Unarmed
rCold   . . .      Faith    .   (shield unavailable)
rNeg    . . .      Spirit   .   (body armour unavailable)
rPois   .          Reflect  .   (helmet unavailable)
rElec   .          Harm     .   (cloak unavailable)
rCorr   .          Rampage  .   (gloves unavailable)
Will    .....                   (boots unavailable)
Stlth   ++........              (no amulet)
HPRegen 0.04/turn               (no ring)
MPRegen 0.08/turn               (no ring)

@: quick
A: very small, claws 1, fangs 3, see invisible, speed 1, shaggy fur 1, stealthy
paws, no weapons or thrown items, no armour, multi-lived
a: no special abilities


You were on level 2 of the Dungeon.
You visited 1 branch of the dungeon, and saw 2 of its levels.

You collected 114 gold pieces.

Inventory:

Jewellery
 d - a +6 ring of strength
Scrolls
 a - a scroll of fear {unknown}
 c - a scroll of identify {unknown}
Potions
 b - a potion of resistance {unknown}
 e - 3 potions of curing {unknown}


   Skills:
 + Level 3.2 Fighting
 + Level 4.6 Dodging
 + Level 2.9 Stealth
 + Level 3.4 Unarmed Combat


You had one spell level left.
You didn't know any spells.
Your spell library was empty.

Dungeon Overview and Level Annotations

Branches:
Dungeon (2/15)

Altars:

Annotations:
D:2 Jessica


Innate Abilities, Weirdness & Mutations

You have sharp claws.
You have razor-sharp teeth.
You have supernaturally acute eyesight. (SInv)
You cover ground quickly. (Speed+)
You are covered in fur. (AC +1)
Your paws help you pounce on unaware monsters.
You are incapable of wielding weapons or throwing items.
You cannot wear armour.
You gain extra lives every three experience levels.


Message History

Found a robe.
Found 15 stones.
You see here a +0 robe.
Jessica and a ball python come into view.
Jessica is wielding a +4 spectral club.
A jackal comes into view.
The jackal barks!
A jackal comes into view.
The jackal barely misses you. The jackal misses you.
You barely miss the jackal. The jackal bites you.
You closely miss the jackal. Your bite misses the jackal.
The jackal closely misses you.
You completely miss the jackal. The jackal barely misses you. x2
You scratch the jackal. You bite the jackal.
You kill the jackal!
You scratch the ball python.
You kill the ball python!
You closely miss the jackal. The jackal closely misses you.
The jackal bites you.
You scratch the jackal.
You kill the jackal!
You start resting.
A goblin comes into view. It is wielding a +0 club.
You start resting.
HP restored.
Things that are here:
a ball python corpse; a jackal corpse Jessica shouts!
Jessica casts a spell at you. You resist with some effort.
Jessica closely misses you.
You closely miss Jessica. You claw Jessica.
Jessica is heavily wounded.
Jessica hits you with a +4 spectral club!
Ouch! That really hurt!
* * * LOW HITPOINT WARNING * * *
You closely miss Jessica.
Jessica is heavily wounded.
Jessica hits you with a +4 spectral club.
You die...

.###.#
#..................
.....#
#..................
######
#.###..............
#.###..............
#..................
..........#........
.$.........#######.#
.............# .#
###.g......@..#
..........@.#
@...........#
...#######.# ... ..
.. ... ..' ..##


You could see Jessica and a goblin (wandering).

Vanquished Creatures
  An endoplasm (D:1)
  2 goblins (D:1)
  A hobgoblin (D:1)
  4 jackals
  A quokka (D:1)
  4 ball pythons
  5 bats (D:1)
  A frilled lizard (D:1)
  4 kobolds
23 creatures vanquished.

Notes
Turn   | Place    | Note
-------+----------+-------------------------------------------
     0 | D:1      | n8rtot the Felid Monk began the quest for the Orb.
     0 | D:1      | Reached XP level 1. HP: 10/10 MP: 2/2
   369 | D:1      | Reached XP level 2. HP: 14/14 MP: 3/3
   481 | D:1      | Found a faded altar of an unknown god.
  1384 | D:2      | Noticed Jessica
  1543 | D:2      | Slain by Jessica

Illustrated notes

Levels and vault maps discovered:
D:1:      dpeg_arrival_tiny_a, layout_basic, hellmonk_ecumenical_altar_lost_god
D:2:      layout_basic, uniq_jessica

Action                   || total
-------------------------++-------
Melee: Unarmed           ||    64
       Bite              ||     5
       Punch             ||     1
 Stab: Sleeping          ||     3
Armor: Skin              ||     6
Dodge: Dodged            ||    56

Table legend: (Time is in decaauts)
 A = Elapsed time spent in this place.
 B = Non-inter-level travel time spent in this place.
 C = Inter-level travel time spent in this place.
 D = Time resting spent in this place.
 E = Time spent auto-exploring this place.
 F = Levels seen in this place.
 G = Mean time per level.
                   A        B        C        D        E       F      G
               +--------+--------+--------+--------+--------+-----+--------+
         Total |   1351 |   1351 |      0 |    300 |    772 |   2 |  675.5 |
       Dungeon |   1351 |   1351 |      0 |    300 |    772 |   2 |  675.5 |
               +--------+--------+--------+--------+--------+-----+--------+

Top non-repeatable levels by time:
     D:1: 946 daAuts
     D:2: 405 daAuts
